 Dungeon Crawl Stone Soup version 0.19.1 (webtiles) character file.

67 Dfrag the Conjurer (level 4, -1/36 HPs)
             Began as a Naga Conjurer on Nov 29, 2016.
             Slain by a worm (12 damage)
             ... on level 2 of the Dungeon.
             The game lasted 00:02:13 (1038 turns).

Dfrag the Conjurer (Naga Conjurer)                  Turns: 1038, Time: 00:02:13

Health: -1/36      AC:  2    Str: 10    XL:     4   Next: 18%
Magic:  2/9        EV: 10    Int: 17    God:
Gold:   69         SH:  0    Dex: 16    Spells: 2 memorised, 6 levels left

rFire  . . .     SeeInvis +     (no weapon)
rCold  . . .     Gourm    .     a - +0 robe
rNeg   . . .     Faith    .     (no shield)
rPois  +         Spirit   .     (no helmet)
rElec  .         Reflect  .     (no cloak)
rCorr  .         Harm     .     (no gloves)
MR     .....                    (no barding)
Stlth  ++........               k - amulet of inaccuracy (curse)
                                (no ring)
                                g - +5 ring of dexterity

@: short of breath, very slightly contaminated, very slow
A: see invisible, deformed body, poison resistance, slowness 2, slow metabolism
1, spit poison 1, AC +1
a: Spit Poison


You were on level 2 of the Dungeon.
You were not hungry.

You visited 1 branch of the dungeon, and saw 2 of its levels.

You collected 69 gold pieces.

Inventory:

Armour
 a - a +0 robe (worn)
Jewellery
 g - a +5 ring of dexterity (left hand)
 k - a cursed amulet of inaccuracy (around neck)
Scrolls
 d - 3 scrolls of teleportation {unknown}
 e - 3 scrolls of identify {unknown}
 f - a scroll of recharging {unknown}
 j - a scroll of immolation {unknown}
 l - a scroll of remove curse {unknown}
Potions
 h - a potion of haste {unknown}
Books
 b - a book of Conjurations

   Spells                             Type                      Level
   a - Magic Dart                     Conjuration                  1
   b - Searing Ray                    Conjuration                  2
   c - Dazzling Spray                 Conjuration/Hexes            3
   d - Fulminant Prism                Conjuration/Hexes            4
   e - Iskenderun's Mystic Blast      Conjuration                  4
   f - Iskenderun's Battlesphere      Conjuration/Charms           5
Comestibles
 c - a bread ration


   Skills:
 - Level 1.5 Dodging
 - Level 3.0 Stealth
 * Level 3.3 Spellcasting
 + Level 4.6 Conjurations


You had 6 spell levels left.
You knew the following spells:

 Your Spells              Type           Power        Failure   Level  Hunger
a - Magic Dart            Conj           ###.         2%          1    None
b - Searing Ray           Conj           ###...       4%          2    ##.....


Dungeon Overview and Level Annotations

Branches:
Dungeon (2/15)

Altars:
Trog


Innate Abilities, Weirdness & Mutations

You cannot wear boots.
Your serpentine skin is tough. (AC +1)
You have supernaturally acute eyesight. (SInv)
Armour fits poorly on your strangely shaped body.
Your system is resistant to poisons. (rPois)
You cover ground very slowly.
You have a slow metabolism.
You can spit poison.


Message History

Aim: a worm (berserk, fast, unusually strong)
The searing ray misses the worm. x2; The worm closely misses you.
The searing ray hits the worm.
The worm is lightly wounded.
The worm barely misses you.
The searing ray misses the worm.
The searing ray hits the worm.
The worm is moderately wounded.
The worm bites you!
All of the chunks of flesh in your inventory have rotted away.
The searing ray hits the worm.
The worm is moderately wounded.
The searing ray hits the worm.
The worm is severely wounded.
You finish channeling your searing ray.
The worm bites you.
Press: ? - help, Shift-Dir - straight line, f/p - worm
Aim: a worm (lightly wounded, berserk, fast, unusually strong)
The splash of poison hits the worm.
The worm is poisoned.
The worm is moderately wounded.
You feel slightly more hungry. The worm bites you!
You die...

#....###....#..##.#
#.w.........#..##.#####
#.........##..........
#.......##...........
####'######.......... .......
#.####...#........ ........#
#r#'##.####....... .........#
#ww............... #..........#
#@......###..#####
##..........# #.......# #...##
...(.....[..####.......# #.>..#
#......................# #....#
#............###.......# #..>.#
#.............##.......# #....#
...........#..##.......###....#
...........#..##.......†.######
..............######.....#


You could see 2 worms and a rat.

Vanquished Creatures
  A gnoll (D:1)
  An adder (D:1)
  A worm (D:2)
  A dart slug (D:1)
  A leopard gecko (D:1)
  4 giant cockroaches (D:1)
  7 goblins
  2 hobgoblins (D:1)
  2 jackals (D:1)
  A quokka (D:2)
  7 bats
  4 frilled lizards (D:1)
  7 kobolds
  A rat (D:2)
40 creatures vanquished.

Notes
Turn   | Place    | Note
-------+----------+-------------------------------------------
     0 | D:1      | Dfrag the Naga Conjurer began the quest for the Orb.
     0 | D:1      | Reached XP level 1. HP: 15/15 MP: 3/3
    92 | D:1      | Reached XP level 2. HP: 19/22 MP: 3/5
   129 | D:1      | Learned a level 2 spell: Searing Ray
   422 | D:1      | Reached XP level 3. HP: 28/28 MP: 2/7
   847 | D:1      | Reached XP level 4. HP: 29/36 MP: 5/9
   990 | D:2      | Noticed a moth of wrath
   992 | D:2      | Found a bloodstained altar of Trog.
  1038 | D:2      | Slain by a worm

Skill      XL: |  1  2  3 |
---------------+----------+-----
Spellcasting   | 3 |  3.3
Dodging        | |  1.5
Stealth        | |  3.0
Conjurations   | |  4.6

Action                   |  1- 3 |  4- 6 || total
-------------------------+-------+-------++-------
Melee: Unarmed           |    12 |     9 ||    21
 Cast: Magic Dart        |    38 |    13 ||    51
       Searing Ray       |     1 |     2 ||     3
 Abil: Spit Poison       |    22 |     8 ||    30
  Eat: Chunk             |     1 |     1 ||     2
Armor: Robe              |     7 |     3 ||    10
Dodge: Dodged            |    20 |    13 ||    33
